 Dungeon Crawl Stone Soup version 0.31-a0-174-g85c54bcb58 (webtiles) character file.

Game seed: 2529161079835583443

71 innerfire43 the Chopper (level 4, 0/35 HPs)
             Began as a Demonspawn Monk on June 15, 2023.
             Slain by Terence
             ... wielding a +0 mace
              (9 damage)
             ... on level 2 of the Dungeon.
             The game lasted 00:02:10 (1586 turns).

innerfire43 the Chopper (Demonspawn Monk)           Turns: 1586, Time: 00:02:11

Health: 0/35       AC:  2    Str: 14    XL:     4   Next: 5%
Magic:  4/4        EV: 13    Int: 11    God:
Gold:   24         SH:  0    Dex: 15    Spells: 3/3 levels left

rFire   . . .        a - +0 hand axe
rCold   . . .        d - orb {light}
rNeg    . . .        b - +0 robe
rPois   .            (no helmet)
rElec   .            (no cloak)
rCorr   .            (no gloves)
SInv    .            (no boots)
Will    .....        (no amulet)
Stlth   +            (no ring)
HPRegen 0.25/turn    (no ring)
MPRegen 0.09/turn

%: no passive effects
@: glowing
A: claws 2
a: no special abilities


You were on level 2 of the Dungeon.
You visited 1 branch of the dungeon, and saw 2 of its levels.

You collected 24 gold pieces.

Inventory:

Hand Weapons
 a - a +0 hand axe (weapon)
Armour
 b - a +0 robe (worn)
 d - an orb of light (worn)
Potions
 e - 2 potions of curing


   Skills:
 + Level 3.5 Fighting
 + Level 3.6 Axes
 + Level 3.2 Dodging
 + Level 0.3 Stealth


You had 3 spell levels left.
You didn't know any spells.
Your spell library was empty.

Dungeon Overview and Level Annotations

Branches:
Dungeon (2/15)

Altars:

Annotations:
D:2 Terence


Innate Abilities, Weirdness & Mutations

You have very sharp fingernails.


Message History

There are monsters nearby!
The bat barely misses you.
You hit the bat.
You kill the bat!
The giant cockroach misses you.
You completely miss the giant cockroach.
The giant cockroach barely misses you.
You hit the giant cockroach but do no damage.
The giant cockroach bites you.
You hit the giant cockroach.
You kill the giant cockroach!
No target in view!
You see here a +0 spear of venom.
Terence the Incautious comes into view.
He is wielding a +0 mace and wearing a +2 ring mail of fire resistance.
Terence is nearby!
Terence is nearby!
You hit Terence but do no damage. Terence hits you with a +0 mace.
Terence completely misses you.
You hit Terence but do no damage. Terence closely misses you.
You hit Terence.
Terence is moderately wounded.
Terence hits you with a +0 mace!
You completely miss Terence.
Terence is moderately wounded.
Terence screams, "I'm going to kill you!"
Terence hits you with a +0 mace!
You are too injured to fight recklessly!
As you read the scroll labelled LONA JETHASE, it crumbles to dust.
It is a scroll of identify.
e - 3 potions of curing Terence hits you with a +0 mace.
* * * LOW HITPOINT WARNING * * *
You aren't carrying any scrolls.
You feel better. Terence hits you with a +0 mace.
* * * LOW HITPOINT WARNING * * *
Terence attacks as you move away! Terence closely misses you.
Terence misses you.
You see here a +0 spear of venom.
Terence attacks as you move away! Terence hits you with a +0 mace!
You die...

#
#........###..⌠~.#
.# # #........#
#.~.~.##.# #
#........#
#........# #
........#
##.......# #
#########
#........# #
#....###...... #
#....# ###### #
#.@..# # #.@..#
#....# #....#
#....# #....#
#....# #....#
######


You could see Terence.

Vanquished Creatures
  Natasha (D:2)
  2 adders (D:2)
  3 dart slugs (D:1)
  2 endoplasms (D:1)
  3 giant cockroaches
  2 hobgoblins (D:1)
  3 kobolds
  A ball python (D:1)
  3 bats (D:2)
  2 frilled lizards (D:1)
  2 goblins
  2 rats (D:1)
26 creatures vanquished.

Notes
Turn   | Place    | Note
-------+----------+-------------------------------------------
     0 | D:1      | innerfire43 the Demonspawn Monk began the quest for the
                  | Orb.
     0 | D:1      | Reached XP level 1. HP: 18/18 MP: 1/1
   540 | D:1      | Gained mutation: You have sharp fingernails. [demonic
                  | ancestry]
   540 | D:1      | Reached XP level 2. HP: 21/24 MP: 2/2
  1235 | D:2      | Reached XP level 3. HP: 10/29 MP: 3/3
  1408 | D:2      | Noticed Natasha
  1425 | D:2      | Killed Natasha
  1500 | D:2      | Gained mutation: You have very sharp fingernails. [demonic
                  | ancestry]
  1500 | D:2      | Reached XP level 4. HP: 31/35 MP: 4/4
  1568 | D:2      | Noticed Terence
  1586 | D:2      | Slain by Terence

Illustrated notes

Levels and vault maps discovered:
D:1:      mrwooster_arrival_statue, layout_basic, item_on_display_b
D:2:      layout_basic, corexii_leaking_fountain, hangedman_decor_growths,
          hex_intersection, uniq_terence, uniq_natasha

Skill      XL: |  1  2 |
---------------+-------+-----
Axes           | 3 |  3.6
Dodging        | 3 |  3.2
Fighting       | |  3.5
Stealth        | |  0.3

Action                     |  1- 3 |  4- 6 || total
---------------------------+-------+-------++-------
  Melee: Hand axe          |    88 |     8 ||    96
    Use: Scroll            |     1 |     1 ||     2
         Potion            |     1 |     1 ||     2
 Armour: Robe              |    17 |       ||    17
  Dodge: Dodged            |    72 |     7 ||    79

Table legend: (Time is in decaauts)
 A = Elapsed time spent in this place.
 B = Non-inter-level travel time spent in this place.
 C = Inter-level travel time spent in this place.
 D = Time resting spent in this place.
 E = Time spent auto-exploring this place.
 F = Levels seen in this place.
 G = Mean time per level.
                   A        B        C        D        E       F      G
               +--------+--------+--------+--------+--------+-----+--------+
         Total |   1599 |   1549 |     50 |      0 |   1279 |   2 |  799.5 |
       Dungeon |   1599 |   1549 |     50 |      0 |   1279 |   2 |  799.5 |
               +--------+--------+--------+--------+--------+-----+--------+

Top non-repeatable levels by time:
     D:1: 1221 daAuts
     D:2: 378 daAuts
